[Event "*** Titled Tuesday Blitz"]
[Site "Chess.com"]
[Date "2020.04.28"]
[Round "2"]
[White "Spartakus1975"]
[Black "KaterinaMiroshnik"]
[Result "1-0"]
[WhiteElo "2733"]
[BlackElo "2397"]
[TimeControl "180+1"]
[EndTime "10:16:34 PDT"]
[Termination "Spartakus1975 won by resignation"]

1. e4 d6 2. d4 Nd7 3. Nc3 e5 4.
f4 Ngf6 5. Nf3 exd4 6. Qxd4 c6 7. Be3 d5 8. e5 Ng4 9. Bg1 Bc5 10. Qd2 Bxg1 11.
Rxg1 Qb6 12. O-O-O h5 13. h3 Nh6 14. g4 hxg4 15.
hxg4 Nc5 16. f5 Bd7 17. Nd4 O-O-O 18. Be2 g6 19. Qf4 Qc7 20. b4 Ne4 21. Nxe4 dxe4 22.
Qxe4 gxf5 23. gxf5 Rhe8 24. e6 fxe6 25. fxe6 Kb8 26.
Rg7 Qc8 27. Qf4+ Ka8 28. exd7 Rxd7 29. Rxd7 Qxd7 30. Qxh6 Qe7 31. Qd2 Rd8 32. Nxc6 1-0

[Event "*** Titled Tuesday Blitz"]
[Site "Chess.com"]
[Date "2020.04.28"]
[Round "2"]
[White "mattcolins2025"]
[Black "AminMolaei"]
[Result "0-1"]
[WhiteElo "2256"]
[BlackElo "2499"]
[TimeControl "180+1"]
[EndTime "10:16:34 PDT"]
[Termination "AminMolaei won by checkmate"]

1. d4 e6 2. c4 b6 3. Nc3 Bb7 4. Nf3 f5 5. g3 Nf6 6. Bg2 Bb4 7. O-O O-O 8. Qb3 a5 9. a3 Bxc3 10. Qxc3 Ne4 11. Qc2 Qc8 12. Ng5 Nxg5 13. Bxg5 Bxg2 14.
Kxg2 Qb7+ 15. Kg1 Nc6 16. Rad1 Rae8 17. Bf4 d6 18. Bc1 h6 19. e4 e5 20. d5 Nd4 21.
Qd3 fxe4 22. Qxe4 Qc8 23. f4 Qg4 24. Kg2 exf4 25. Qxd4 Re2+ 26. Kg1 Rxh2 27. Bxf4 Qe2 28. Rd2 Rg2+ 29. Kh1 Qxf1+ 30. Qg1 Qxg1# 0-1

[Event "*** Titled Tuesday Blitz"]
[Site "Chess.com"]
[Date "2020.04.28"]
[Round "2"]
[White "LordIron"]
[Black "Muguet7"]
[Result "0-1"]
[WhiteElo "2258"]
[BlackElo "2491"]
[TimeControl "180+1"]
[EndTime "10:16:34 PDT"]
[Termination "Muguet7 won by resignation"]

1. d4 Nf6 2. Nf3 e6 3. g3 c5 4.
Bg2 cxd4 5. O-O Nc6 6. Nxd4 Bc5 7.
e3 O-O 8. c4 a6 9. Nc3 Qe7 10.
a3 Ne5 11. b4 Ba7 12. Qb3 d6 13. Bb2 Bd7 14. Ne4 Nxe4 15. Bxe4 Rab8 16. Rac1 Rfc8 17.
Rfd1 b5 18. cxb5 axb5 19. Nf3 Nc4 20. Bd4 Bxd4 21. Nxd4 d5 22. Bg2 Ra8 23. Ra1 Rc7 24. e4 e5 25. Nf5 Bxf5 26. exf5 e4 27. Rxd5 e3 28. Rxb5 exf2+ 29. Kh1 Qe1+ 0-1

[Event "*** Titled Tuesday Blitz"]
[Site "Chess.com"]
[Date "2020.04.28"]
[Round "2"]
[White "pheonixking2000"]
[Black "GMMatamoros"]
[Result "1-0"]
[WhiteElo "2806"]
[BlackElo "2531"]
[TimeControl "180+1"]
[EndTime "10:16:36 PDT"]
[Termination "pheonixking2000 won on time"]

1. c4 e5 2. g3 Bc5 3. Bg2 Nc6 4. Nc3 d6 5. Nf3 a6 6. O-O Ba7 7. e3 Nf6 8. d4 Bg4 9. Ne2 Qc8 10. b3 O-O 11.
Bb2 Re8 12. Qd2 Bh3 13. Nc3 Bxg2 14. Kxg2 exd4 15. Nxd4 Nxd4 16. exd4 Qf5 17. Rae1 d5 18. Re5 Rxe5 19. dxe5 Ne4 20. Nxe4 dxe4 21. Qf4 Qxf4 22. gxf4 Rd8 23. Bc1 f5 24. exf6 gxf6 25. f5 Kf7 26.
Re1 Re8 27. Bf4 Bb6 28. Rd1 Re7 29. b4 c5 30. Bd6 Rd7 31. a3 1-0

[Event "*** Titled Tuesday Blitz"]
[Site "Chess.com"]
[Date "2020.04.28"]
[Round "2"]
[White "Matveev_Vladimir"]
[Black "Shivagami"]
[Result "1-0"]
[WhiteElo "2417"]
[BlackElo "2140"]
[TimeControl "180+1"]
[EndTime "10:16:36 PDT"]
[Termination "Matveev_Vladimir won by resignation"]

1. d4 Nf6 2. c4 c5 3. d5 e6 4. Nc3 exd5 5. cxd5 d6 6. e4 g6 7. Nge2 a6 8. a4 Bg7 9. Ng3 O-O 10. Be2 Nbd7 11. O-O Rb8 12. h4 Ne5 13. h5 Bg4 14.
hxg6 fxg6 15. f4 Bxe2 16. Qxe2 Neg4 17. e5 dxe5 18. fxe5 Re8 19. e6 b5 20. axb5 axb5 21. Bf4 Rb7 22. d6 b4 23. e7 Qd7 24. Nce4 Nxe4 25.
Nxe4 Ne5 26. Rad1 Rb5 27. Bh6 c4 28. Bxg7 Kxg7 29. Nf6 Qa7+ 30. Qf2 Qxf2+ 31. Rxf2 1-0

[Event "*** Titled Tuesday Blitz"]
[Site "Chess.com"]
[Date "2020.04.28"]
[Round "2"]
[White "swapchess90"]
[Black "SanQui14"]
[Result "1-0"]
[WhiteElo "2691"]
[BlackElo "2323"]
[TimeControl "180+1"]
[EndTime "10:16:37 PDT"]
[Termination "swapchess90 won by resignation"]

1. d4 Nf6 2. c4 g6 3. Nc3 d5 4. Nf3 Bg7 5. cxd5 Nxd5 6. Na4 O-O 7. e4 Nf6 8. e5 Nd5 9. Be2 Nc6 10. O-O Bg4 11. Nc5 Rb8 12. h3 Bxf3 13. Bxf3 b6 14. Ne4 Qd7 15. Be3 Rfd8 16. Rc1 e6 17. Bg5 Nce7 18.
Nf6+ Bxf6 19. exf6 Nf5 20. Qd2 Qd6 21. g4 h6 22.
gxf5 hxg5 23. fxg6 fxg6 24. Qxg5 Kf7 25. Bxd5 exd5 26.
Rfe1 Re8 27. Re5 Rbc8 28. Rce1 Rxe5 29. dxe5 Qe6 30. Qh6 Rg8 31. Qh7+ Ke8 32. Qxc7 g5 33. Rc1 g4 34. Qc8+ Qxc8 35. Rxc8+ Kf7 36. Rxg8 Kxg8 37. hxg4 1-0

[Event "*** Titled Tuesday Blitz"]
[Site "Chess.com"]
[Date "2020.04.28"]
[Round "2"]
[White "EvgenyRomanov"]
[Black "Filip_Covic"]
[Result "1-0"]
[WhiteElo "2650"]
[BlackElo "2326"]
[TimeControl "180+1"]
[EndTime "10:16:38 PDT"]
[Termination "EvgenyRomanov won by checkmate"]

1. c4 e6 2. g3 d5 3. Bg2 Nf6 4. Nf3 dxc4 5. Qa4+ Nbd7 6. Qxc4 a6 7. Qb3 Ra7 8. a4 b6 9. Nd4 Bb7 10. O-O Nc5 11. Qc4 Bxg2 12. Kxg2 Qa8+ 13. f3 Be7 14. b4 Ncd7 15. Nc6 Rb7 16. Bb2 Bd6 17. e4 Be7 18. d4 Nb8 19. Nd2 Nxc6 20. Qxc6+ Nd7 21.
d5 exd5 22. exd5 Ra7 23. Rfe1 Qxc6 24. dxc6 Nb8 25. Bxg7 Rg8 26. Bf6 Nxc6 27. Rac1 Kd7 28. Rxc6 Kxc6 29. Rxe7 Rg6 30. Ne4 Kd5 31. Rxf7 b5 32. a5 Ke6 33. Re7+ Kf5 34. Re5# 1-0

[Event "*** Titled Tuesday Blitz"]
[Site "Chess.com"]
[Date "2020.04.28"]
[Round "2"]
[White "maziarbagheri"]
[Black "freshfoodcompany"]
[Result "0-1"]
[WhiteElo "2416"]
[BlackElo "2205"]
[TimeControl "180+1"]
[EndTime "10:16:38 PDT"]
[Termination "freshfoodcompany won by resignation"]

1. Nf3 d5 2. d4 Nf6 3. c4 e6 4. Nc3 Be7 5. Bg5 h6 6. Bh4 O-O 7. e3 Nbd7 8. Rc1 c5 9. cxd5 Nxd5 10. Bg3 cxd4 11. exd4 Nxc3 12. bxc3 Qa5 13. Qd2 Nf6 14. Bd3 b6 15. O-O Bb7 16. Ne5 Rfd8 17. Rfe1 Rxd4 18.
Qe2 Rdd8 19. Nxf7 Qd5 20. Be4 Nxe4 21. Nxd8 Rxd8 22. c4 Nxg3 23. cxd5 Nxe2+ 24. Rxe2 Bxd5 25. h3 Bd6 26. Rd1 Kf7 27. g3 Rc8 28. f4 Rc3 29. Kh2 Bf3 30. Rxd6 Bxe2 31. Rd7+ Kf6 32. Rxa7 Rc2 33.
Kg1 Bc4 34. a3 b5 35. g4 Ra2 36. Ra6 b4 37. Rc6 Bd5 0-1

[Event "*** Titled Tuesday Blitz"]
[Site "Chess.com"]
[Date "2020.04.28"]
[Round "2"]
[White "TERMINATOR_PC"]
[Black "gixfantastix"]
[Result "1-0"]
[WhiteElo "2390"]
[BlackElo "2082"]
[TimeControl "180+1"]
[EndTime "10:16:38 PDT"]
[Termination "TERMINATOR_PC won on time"]

1. e4 Nf6 2. e5 Nd5 3. d4 d6 4.
c4 Nb6 5. exd6 exd6 6. Nc3 Nc6 7. Be3 Be7 8. Bd3 Bf6 9. Nge2 O-O 10. b3 Re8 11. O-O Bg4 12. Qd2 d5 13. c5 Nc8 14. Rad1 N8e7 15. f3 Bf5 16. g4 Bxd3 17.
Qxd3 g6 18. Rfe1 Bh4 19. Bf2 Bxf2+ 20. Kxf2 f5 21. Nf4 fxg4 22. fxg4 Rf8 23. Kg3 Qd7 24.
Qe3 Rae8 25. Qe6+ Qxe6 26. Nxe6 Rf7 27. Nxc7 Nf5+ 28. gxf5 Rxc7 29. Rxe8+ Kf7 30. Re3 1-0

[Event "*** Titled Tuesday Blitz"]
[Site "Chess.com"]
[Date "2020.04.28"]
[Round "2"]
[White "Revnov"]
[Black "Nafania1"]
[Result "0-1"]
[WhiteElo "2665"]
[BlackElo "2367"]
[TimeControl "180+1"]
[EndTime "10:16:39 PDT"]
[Termination "Nafania1 won by resignation"]

1. e4 e6 2. Qe2 c5 3. g3 Nc6 4.
Bg2 g6 5. Nf3 Bg7 6. O-O d6 7.
c3 e5 8. a3 Nge7 9. b4 a6 10.
Bb2 O-O 11. d3 h6 12. Nbd2 Be6 13. Rad1 cxb4 14. axb4 d5 15. exd5 Bxd5 16. Ne4 f5 17. c4 Bf7 18. Nc5 b6 19. Nb3 Re8 20. Rfe1 Rc8 21.
Bc3 Nd4 22. Nfxd4 exd4 23. Bxd4 Bxd4 24. Qd2 Bg7 25. h4 h5 26. Qa2 Nc6 27. Rxe8+ Qxe8 28. Qxa6 Nd4 29. Nd2 Rb8 30. Kf1 Qe2+ 31. Kg1 Qxd1+ 0-1

[Event "*** Titled Tuesday Blitz"]
[Site "Chess.com"]
[Date "2020.04.28"]
[Round "2"]
[White "InitiatingASC"]
[Black "tteshan"]
[Result "1-0"]
[WhiteElo "2464"]
[BlackElo "2233"]
[TimeControl "180+1"]
[EndTime "10:16:39 PDT"]
[Termination "InitiatingASC won by resignation"]

1. d4 Nf6 2. c4 e6 3. Nc3 Bb4 4. e3 b6 5. Bd3 Bb7 6. Ne2 O-O 7. O-O Bxc3 8. Nxc3 d6 9. e4 e5 10. d5 Nbd7 11. Bg5 h6 12. Bh4 Re8 13. b4 Nf8 14. f3 a5 15. a3 Ng6 16. Bf2 Qd7 17.
c5 bxc5 18. bxc5 Ba6 19. c6 Qe7 20. Bxa6 Rxa6 21. Rb1 Nh5 22. g3 Qg5 23. Rb7 Re7 24. Kh1 Ra8 25. Nb5 Rf8 26. Rxc7 Rxc7 27. Nxc7 f5 28.
Ne6 Qf6 29. Nxf8 Qxf8 30. Bb6 fxe4 31. fxe4 Qa8 32. c7 Nf6 33. Rxf6 gxf6 34. Qg4 Kf7 35. c8=Q Qxc8 36. Qxc8 1-0

[Event "*** Titled Tuesday Blitz"]
[Site "Chess.com"]
[Date "2020.04.28"]
[Round "2"]
[White "MaximDlugy"]
[Black "KarstenHansch"]
[Result "1-0"]
[WhiteElo "2903"]
[BlackElo "2450"]
[TimeControl "180+1"]
[EndTime "10:16:40 PDT"]
[Termination "MaximDlugy won by resignation"]

1. d4 d5 2. Bf4 e6 3. e3 Nf6 4.
Nd2 Bd6 5. Bg3 b6 6. Ngf3 c5 7. c3 Qc7 8. Bd3 Nc6 9. Qe2 Bb7 10.
Rd1 O-O 11. e4 dxe4 12. Nxe4 Nxe4 13. Qxe4 g6 14. dxc5 bxc5 15. Bxd6 Qxd6 16. Ba6 Qc7 17. Bxb7 Qxb7 18. Ne5 Rac8 19. O-O f5 20. Qf3 Rc7 21. Nc4 Qa6 22. Qf4 Re7 23. Rd6 Qb7 24. Rfd1 Rfe8 25. h4 e5 26. Qg5 Kg7 27. Qf6+ Kg8 28. Rxc6 1-0

[Event "*** Titled Tuesday Blitz"]
[Site "Chess.com"]
[Date "2020.04.28"]
[Round "2"]
[White "DACF2905"]
[Black "wild_cat99"]
[Result "0-1"]
[WhiteElo "2183"]
[BlackElo "2544"]
[TimeControl "180+1"]
[EndTime "10:16:40 PDT"]
[Termination "wild_cat99 won by resignation"]

1. d4 Nf6 2. c4 g6 3. Nf3 Bg7 4. g3 O-O 5. Bg2 d5 6. O-O dxc4 7. Nc3 Na6 8. Ne5 c6 9. Nxc4 Nd5 10. Nxd5 cxd5 11. Na3 Qb6 12. e3 Rd8 13. Qe2 e5 14. dxe5 Nc5 15. Nb5 Bxe5 16. Rd1 Bd7 17. Nd4 Ne6 18.
Nf3 Bg7 19. Rb1 Bb5 20. Qd2 d4 21. exd4 Nxd4 22. Nxd4 Bxd4 23. Re1 Rac8 24. Qf4 Rc2 25. Be3 Bxe3 26. Qxe3 Qxe3 27. Rxe3 Rdd2 28. Rf3 Bc6 29.
Rf4 Bxg2 30. Kxg2 Rxb2 31. Rxb2 Rxb2 32. a4 a5 33. Rc4 Rb4 34. Rc7 h5 35. h4 Kg7 36.
Kh3 Kf6 37. Kg2 Ke6 38. Kh2 b6 39. Kg2 Rxa4 40. Rc6+ Kd5 41. Rxb6 Rb4 42. Ra6 a4 43. Ra7 f5 44. Kh2 Kc4 45. Kg2 Kb3 46. Ra6 a3 47. Rxg6 a2 48. Ra6 Ra4 49. Rb6+ Ka3 0-1

[Event "*** Titled Tuesday Blitz"]
[Site "Chess.com"]
[Date "2020.04.28"]
[Round "2"]
[White "eldur16"]
[Black "ViktoriyaTarasova"]
[Result "1/2-1/2"]
[WhiteElo "2578"]
[BlackElo "2330"]
[TimeControl "180+1"]
[EndTime "10:16:40 PDT"]
[Termination "Game drawn by repetition"]

1. c4 c5 2. g3 Nc6 3. Bg2 e5 4. Nc3 g6 5. a3 a5 6. e3 Bg7 7.
Nge2 Nge7 8. d3 O-O 9. O-O d6 10. Rb1 Be6 11. Nd5 Rb8 12. Nec3 f5 13. Bd2 g5 14. b4 axb4 15. axb4 cxb4 16. Nxb4 Nxb4 17.
Rxb4 Nc6 18. Rb5 f4 19. Nd5 fxe3 20. fxe3 Qd7 21. Rxf8+ Rxf8 22. Qb1 Rf7 23. Nb4 Bh3 24. Bxh3 Qxh3 25. Nd5 Qf5 26. Rb2 Qf2+ 27. Kh1 Qf3+ 28. Kg1 Qf2+ 29. Kh1 Qf3+ 30. Kg1 Qf2+ 1/2-1/2

[Event "*** Titled Tuesday Blitz"]
[Site "Chess.com"]
[Date "2020.04.28"]
[Round "2"]
[White "Lion-Al-Messi"]
[Black "IsaacWiebe"]
[Result "1-0"]
[WhiteElo "2431"]
[BlackElo "2184"]
[TimeControl "180+1"]
[EndTime "10:16:40 PDT"]
[Termination "Lion-Al-Messi won by resignation"]

1. d4 d5 2. Nf3 Nf6 3. Nc3 c5 4.
dxc5 Nc6 5. Bg5 e6 6. e4 d4 7. Nb5 Bxc5 8. e5 h6 9. exf6 hxg5 10. fxg7 Rg8 11. Bd3 a6 12. Na3 Bb4+ 13. Nd2 Rxg7 14. O-O e5 15. Qh5 Be6 16. Ne4 Qe7 17. Nc4 O-O-O 18.
a3 Bc5 19. b4 Bxc4 20. bxc5 Bxd3 21. cxd3 f5 22. Nd6+ Rxd6 23. cxd6 Qxd6 24. Qh8+ 1-0

[Event "*** Titled Tuesday Blitz"]
[Site "Chess.com"]
[Date "2020.04.28"]
[Round "2"]
[White "IMUffeVinther-Schou"]
[Black "TomasKapitanchuk"]
[Result "1-0"]
[WhiteElo "2268"]
[BlackElo "2456"]
[TimeControl "180+1"]
[EndTime "10:16:41 PDT"]
[Termination "IMUffeVinther-Schou won by resignation"]

1. e4 c5 2. Nf3 e6 3. c3 Nf6 4. e5 Nd5 5. g3 d6 6. Bg2 Nc6 7. exd6 Bxd6 8. O-O O-O 9. d4 cxd4 10.
Nxd4 Nce7 11. c4 Nf6 12. Nc3 a6 13. Be3 Qc7 14. Rc1 Rd8 15. Qe2 Rb8 16. c5 Be5 17. Rfd1 Nc6 18. Nf3 Rxd1+ 19. Qxd1 Bxc3 20. Rxc3 Nd5 21.
Rd3 Nce7 22. Bf4 Qxc5 23. Bxb8 1-0

[Event "*** Titled Tuesday Blitz"]
[Site "Chess.com"]
[Date "2020.04.28"]
[Round "2"]
[White "manitodeplomo"]
[Black "allvim"]
[Result "0-1"]
[WhiteElo "2619"]
[BlackElo "2307"]
[TimeControl "180+1"]
[EndTime "10:16:42 PDT"]
[Termination "allvim won by resignation"]

1. d4 Nf6 2. c4 e6 3. Nf3 d5 4.
Nc3 Bb4 5. Qa4+ Nc6 6. e3 O-O 7. Bd2 a6 8. Rd1 Bd7 9. Qc2 dxc4 10. Bxc4 Bd6 11. O-O Qe7 12. a3 Rae8 13. e4 e5 14. Bg5 Nxd4 15. Nxd4 exd4 16. Nd5 Qxe4 17. Nxf6+ gxf6 18. Bd3 Qe5 19. f4 Qe3+ 20. Kh1 fxg5 21. Bxh7+ Kh8 22. Bf5 Bc6 23. Rd3 Qe2 24. Rh3+ Kg8 25.
Qxe2 Rxe2 26. Rg3 Bxf4 0-1

[Event "*** Titled Tuesday Blitz"]
[Site "Chess.com"]
[Date "2020.04.28"]
[Round "2"]
[White "Casablanca"]
[Black "Luibov_AN"]
[Result "1-0"]
[WhiteElo "2403"]
[BlackElo "2110"]
[TimeControl "180+1"]
[EndTime "10:16:42 PDT"]
[Termination "Casablanca won by resignation"]

1. d4 g6 2. e4 Bg7 3. c4 c5 4. Ne2 Nc6 5. Be3 Qb6 6. Nbc3 Nxd4 7. Nd5 Qa5+ 8. b4 Qd8 9. Nxd4 cxd4 10. Bxd4 e5 11.
Be3 d6 12. Be2 Nf6 13. Bg5 h6 14. Bxf6 Bxf6 15. Bg4 O-O 16. O-O Bg7 17. Bxc8 Rxc8 18. Qd3 Qh4 19. Rac1 Kh8 20. Ne3 b6 21. Rfd1 Rcd8 22.
g3 Qh5 23. Kg2 f5 24. f3 fxe4 25. Qxe4 Rf7 26. Rd3 Rdf8 27. Ng4 Qg5 28. Rcd1 h5 29. h4 Qf5 30. Nf2 Qxe4 31. Nxe4 Bh6 32. Nxd6 Rf6 33. Ne4 Rc6 34. c5 bxc5 35. bxc5 1-0

[Event "*** Titled Tuesday Blitz"]
[Site "Chess.com"]
[Date "2020.04.28"]
[Round "2"]
[White "TigrVShlyape"]
[Black "Alexa797"]
[Result "1-0"]
[WhiteElo "2841"]
[BlackElo "2337"]
[TimeControl "180+1"]
[EndTime "10:16:43 PDT"]
[Termination "TigrVShlyape won by resignation"]

1. d4 Nf6 2. Nf3 c5 3. d5 g6 4. Nc3 Bg7 5. e4 d6 6. h3 O-O 7. Bc4 b5 8. Nxb5 Nxe4 9. O-O Nd7 10. Re1 Nef6 11. Bf1 Bb7 12. c4 Ba6 13. a4 h6 14.
Ra3 Re8 15. Bf4 Nh5 16. Bc1 Bxb5 17. axb5 Nb6 18. Qc2 Qc8 19. Ra6 Nf6 20. b3 Nfd7 21. Bd3 Kh7 22. Bf4 Nb8 23. Ra2 a5 24. Bxg6+ fxg6 25. Nh4 Rg8 26. Nxg6 Qe8 27. Nf8+ 1-0

[Event "*** Titled Tuesday Blitz"]
[Site "Chess.com"]
[Date "2020.04.28"]
[Round "2"]
[White "godsgonnacutudown"]
[Black "Harsha_Bharathakoti"]
[Result "1/2-1/2"]
[WhiteElo "2343"]
[BlackElo "2733"]
[TimeControl "180+1"]
[EndTime "10:16:43 PDT"]
[Termination "Game drawn by repetition"]

1. e4 c5 2. Nf3 Nc6 3. d4 cxd4 4. Nxd4 Nf6 5. Nc3 e5 6. Ndb5 d6 7. Bg5 a6 8. Bxf6 gxf6 9. Na3 b5 10. Nd5 f5 11.
Be2 Bg7 12. exf5 Bxf5 13. O-O O-O 14. Bg4 Bg6 15. c3 f5 16. Bh5 e4 17. Bxg6 hxg6 18. Nf4 Qe8 19. Qd5+ Kh7 20. Ne6 Ne5 21. Nxf8+ Qxf8 22. Nc2 Qf6 23. Qxa8 Qg5 24. Qxa6 Nf3+ 25. Kh1 Qf4 26. g3 Qh6 27. h4 Nxh4 28. gxh4 Qxh4+ 29. Kg1 Qg4+ 30. Kh1 Qh3+ 31. Kg1 Be5 32. Qa7+ Kg8 33.
Qb8+ Kg7 34. Qb7+ Kg8 35. Qc8+ Kg7 36. Qd7+ Kg8 37. Qe8+ Kg7 38. Qe7+ Kg8 39. Qd8+ Kg7 40.
f4 Qg3+ 41. Kh1 Qh3+ 42. Kg1 Qg3+ 43. Kh1 Qh3+ 44. Kg1 1/2-1/2

[Event "*** Titled Tuesday Blitz"]
[Site "Chess.com"]
[Date "2020.04.28"]
[Round "2"]
[White "vohiraa"]
[Black "XiaoKangZhong"]
[Result "1-0"]
[WhiteElo "2106"]
[BlackElo "2368"]
[TimeControl "180+1"]
[EndTime "10:16:43 PDT"]
[Termination "vohiraa won by resignation"]

1. e4 c6 2. d4 d5 3. e5 c5 4. dxc5 Nc6 5. Nf3 Bg4 6. Bb5 e6 7. c3 Ne7 8. Be3 Nf5 9. Bxc6+ bxc6 10. Qa4 Bxf3 11. Qxc6+ Ke7 12. Qb7+ Ke8 13. Qc6+ Ke7 14. gxf3 Rc8 15. Qa6 Nxe3 16. Qd6+ Qxd6 17. cxd6+ Kd7 18. fxe3 f6 19. f4 fxe5 20. fxe5 g6 21. Rf1 Bh6 22. Rf7+ Kd8 23. Ke2 Rb8 24. b3 Rc8 25. Rxa7 Bg5 26. a4 Rf8 27. Rxh7 Rf5 28. a5 Rxe5 29. a6 Rxe3+ 30.
Kf2 Re5 31. Rh8+ Kd7 32. Rxc8 Kxc8 33. a7 Rf5+ 34. Kg2 1-0

[Event "*** Titled Tuesday Blitz"]
[Site "Chess.com"]
[Date "2020.04.28"]
[Round "2"]
[White "icychess54"]
[Black "ehrenfeld"]
[Result "0-1"]
[WhiteElo "2258"]
[BlackElo "2490"]
[TimeControl "180+1"]
[EndTime "10:16:44 PDT"]
[Termination "ehrenfeld won by resignation"]

1. c4 e5 2. Nc3 d6 3. Nf3 f5 4. e3 Nf6 5. Be2 g6 6. O-O Bg7 7. b3 O-O 8. Bb2 c5 9. d4 e4 10.
Ne1 Nc6 11. dxc5 dxc5 12. Nc2 Be6 13. Qe1 Qe7 14. Rd1 Rad8 15. h3 g5 16. f4 exf3 17.
Bxf3 Ne5 18. Bd5 Nxd5 19. Nxd5 Qf7 20. e4 f4 21. Qe2 f3 22. Qd2 g4 23. Bxe5 Bxe5 24.
Nce3 Qh5 25. gxf3 gxf3 26. Ne7+ Kf7 27. N7d5 Rg8+ 28. Ng4 Bxg4 0-1

[Event "*** Titled Tuesday Blitz"]
[Site "Chess.com"]
[Date "2020.04.28"]
[Round "2"]
[White "KuzubovYuriy"]
[Black "dukicz123"]
[Result "1-0"]
[WhiteElo "2737"]
[BlackElo "2499"]
[TimeControl "180+1"]
[EndTime "10:16:45 PDT"]
[Termination "KuzubovYuriy won by resignation"]

1. d4 Nf6 2. c4 g6 3. Nc3 Bg7 4. g3 O-O 5. Bg2 d6 6. Nf3 Nc6 7. O-O a6 8. e3 Rb8 9. Ne1 Bd7 10. Nd3 b5 11. cxb5 axb5 12. b4 e6 13. Bb2 Ne7 14. Qc2 Ned5 15. e4 Nb6 16. Rad1 Nc4 17. Bc1 Ra8 18. Rfe1 Bc6 19. e5 Nd5 20. Ne4 dxe5 21. dxe5 Ndb6 22. Ndc5 Bd5 23. Bg5 Qc8 24. Nf6+ Kh8 25.
Rd4 Bxg2 26. Rh4 h6 27. Bxh6 Bxf6 28. Bg5+ 1-0

[Event "*** Titled Tuesday Blitz"]
[Site "Chess.com"]
[Date "2020.04.28"]
[Round "2"]
[White "AlexOstrovskiy"]
[Black "talaicito"]
[Result "1-0"]
[WhiteElo "2571"]
[BlackElo "2300"]
[TimeControl "180+1"]
[EndTime "10:16:46 PDT"]
[Termination "AlexOstrovskiy won on time"]

1. d4 e6 2. Bf4 f5 3. e3 Nf6 4. Nd2 d6 5. h3 Nc6 6. Ngf3 g6 7.
c3 Bg7 8. Qc2 O-O 9. Bh2 Qe7 10.
Bb5 a6 11. Ba4 Kh8 12. e4 b5 13. Bb3 e5 14. dxe5 dxe5 15. O-O-O f4 16. Bd5 Bb7 17.
Rhe1 Na5 18. Nb3 Nc6 19. Ng5 a5 20. Ne6 Rfe8 21. Nbc5 Nxd5 22. exd5 Nd8 23. Nxd8 Qxc5 24. Nxb7 Qb6 25. Nxa5 Qxa5 26. a3 1-0

[Event "*** Titled Tuesday Blitz"]
[Site "Chess.com"]
[Date "2020.04.28"]
[Round "2"]
[White "NZT72"]
[Black "tan275"]
[Result "0-1"]
[WhiteElo "2404"]
[BlackElo "2178"]
[TimeControl "180+1"]
[EndTime "10:16:47 PDT"]
[Termination "tan275 won by resignation"]

1. c4 e6 2. g3 d5 3. Bg2 Nf6 4. Nf3 d4 5. d3 c5 6. e4 Nc6 7.
e5 Nd7 8. Qe2 Qc7 9. Bf4 h6 10. h4 Be7 11. Nbd2 b6 12. a3 Bb7 13. Rb1 a5 14. O-O g5 15. hxg5 hxg5 16. Bxg5 Bxg5 17. Nxg5 Ncxe5 18. Bxb7 Qxb7 19. Nge4 Ke7 20. b4 f5 21. f4 Ng4 22. bxc5 fxe4 23. Qxg4 Rag8 24. c6 Qxc6 0-1

[Event "*** Titled Tuesday Blitz"]
[Site "Chess.com"]
[Date "2020.04.28"]
[Round "2"]
[White "ulises2013"]
[Black "EnergeticHay"]
[Result "1-0"]
[WhiteElo "2623"]
[BlackElo "2210"]
[TimeControl "180+1"]
[EndTime "10:16:50 PDT"]
[Termination "ulises2013 won by resignation"]

1. d4 Nf6 2. c4 g6 3. Nc3 Bg7 4.
e4 d6 5. Be2 O-O 6. Be3 e5 7.
d5 Na6 8. g4 Nc5 9. f3 a5 10.
h4 h5 11. g5 Ne8 12. Qd2 Bd7 13. Nh3 f5 14. gxf6 Qxf6 15. O-O-O c6 16. Ng5 Rd8 17. Kb1 Qe7 18. Rc1 Nc7 19. Bxc5 dxc5 20. d6 Qe8 21.
dxc7 Rc8 22. Qd6 Rf6 23. Qxc5 Rxc7 24. Rcd1 b5 25. cxb5 Rb7 26. b6 Bf8 27. Qe3 Bb4 28.
Bc4+ Kg7 29. Na4 Qe7 30. a3 Bd6 31. Rd2 c5 32. Nc3 Rxb6 33. Nd5 1-0

[Event "*** Titled Tuesday Blitz"]
[Site "Chess.com"]
[Date "2020.04.28"]
[Round "2"]
[White "indfraeng"]
[Black "JulAnt"]
[Result "0-1"]
[WhiteElo "2279"]
[BlackElo "2522"]
[TimeControl "180+1"]
[EndTime "10:16:50 PDT"]
[Termination "JulAnt won by checkmate"]

1. d4 Nf6 2. c4 g6 3. g3 Bg7 4. Bg2 O-O 5. Nc3 d6 6. Nf3 Nc6 7. O-O Bg4 8. h3 Bxf3 9. Bxf3 Nd7 10. Bxc6 bxc6 11. e4 c5 12. d5 Nb8 13. f4 c6 14.
Qe2 cxd5 15. exd5 Nd7 16. Bd2 Rb8 17. b3 Re8 18. Rae1 e6 19. dxe6 Rxe6 20. Qd3 Bd4+ 21. Be3 Bg7 22. Bf2 Rxe1 23. Rxe1 Nf6 24. Nd5 Nxd5 25. Qxd5 Qf6 26. Rd1 Qb2 27. Qxd6 Re8 28.
Qxc5 Qxa2 29. b4 h5 30. b5 Qb3 31. Rf1 h4 32. Kg2 Re4 33. Qxa7 Rxc4 34. b6 hxg3 35. Bxg3 Rc2+ 36. Rf2 Qd5+ 37. Kh2 Rc1 38. Qb8+ Kh7 39. Rg2 Qd1 40. Bf2 Qh1+ 41. Kg3 Rc3+ 42. Be3 Rxe3+ 43. Kf2 Qe1# 0-1

[Event "*** Titled Tuesday Blitz"]
[Site "Chess.com"]
[Date "2020.04.28"]
[Round "2"]
[White "GMNeiksans"]
[Black "Terao90"]
[Result "1-0"]
[WhiteElo "2819"]
[BlackElo "2338"]
[TimeControl "180+1"]
[EndTime "10:16:53 PDT"]
[Termination "GMNeiksans won by resignation"]

1. f4 d5 2. Nf3 Nf6 3. g3 g6 4.
Bg2 Bg7 5. O-O O-O 6. d3 c5 7. Qe1 d4 8. Na3 Nc6 9. Bd2 Nd5 10. Nc4 b6 11. a4 Bb7 12. g4 e6 13. Qg3 f5 14. Ng5 Qd7 15. h3 h6 16. Nf3 Kh7 17. Rae1 a6 18. Qh4 b5 19. axb5 axb5 20. Nce5 Nxe5 21. fxe5 f4 22. Ng5+ Kg8 23. Ne4 g5 24.
Qh5 Qe7 25. h4 gxh4 26. g5 Rf5 27. Bh3 Rxg5+ 28. Nxg5 hxg5 29. Qg6 Nc7 30. Kh2 f3 31. exf3 1-0

[Event "*** Titled Tuesday Blitz"]
[Site "Chess.com"]
[Date "2020.04.28"]
[Round "2"]
[White "WinstonSilvakov"]
[Black "Kostya26"]
[Result "0-1"]
[WhiteElo "2106"]
[BlackElo "2402"]
[TimeControl "180+1"]
[EndTime "10:16:53 PDT"]
[Termination "Kostya26 won by resignation"]

1. e4 c5 2. Nf3 Nc6 3. d4 cxd4 4. c3 dxc3 5. Nxc3 d6 6. Bc4 e6 7. Qe2 Be7 8. O-O Nf6 9. Rd1 e5 10. Bg5 O-O 11. Nb5 a6 12. Bxf6 axb5 13. Bxe7 Qxe7 14. Bxb5 Bg4 15. Bxc6 bxc6 16. Qe3 f5 17. h3 fxe4 18. hxg4 exf3 19. gxf3 Rf4 20. Rac1 Raf8 21. Qb3+ Kh8 22.
Rc3 e4 23. Re1 Qh4 24. Rxc6 exf3 25. Qg8+ Kxg8 0-1

[Event "*** Titled Tuesday Blitz"]
[Site "Chess.com"]
[Date "2020.04.28"]
[Round "2"]
[White "Firegrizzly"]
[Black "saisree"]
[Result "1-0"]
[WhiteElo "2642"]
[BlackElo "2318"]
[TimeControl "180+1"]
[EndTime "10:16:56 PDT"]
[Termination "Firegrizzly won by resignation"]

1. d4 d5 2. Nf3 Nf6 3. Bg5 Ne4 4. Nbd2 Bf5 5. Bf4 e6 6. e3 Bd6 7. Bg3 O-O 8. Nxe4 Bxe4 9. Nd2 Bg6 10. c4 c6 11. Rc1 Bxg3 12. hxg3 Nd7 13. Be2 Qe7 14. Bh5 Bd3 15. cxd5 exd5 16. Be2 Bg6 17. a3 a5 18. Nf3 Rfe8 19. Bd3 Bxd3 20. Qxd3 Qe4 21. Qxe4 dxe4 22. Ng5 h6 23. Nh3 Rac8 24. Nf4 c5 25. d5 Ne5 26.
Ke2 Red8 27. a4 Rd6 28. Rhd1 Kh7 29. Rc3 g5 30. Nh3 Kg6 31. f4 Nd7 32. Nf2 Nf6 33. Rc4 b6 34. Nxe4 Rxd5 35. f5+ Rxf5 36. Nd6 Rc6 37.
Nxf5 Kxf5 38. Rf1+ Kg6 39. g4 Re6 40. Rd1 Ne4 41. Rd8 Nd6 42. Rc3 Ne4 43. Rb3 c4 44. Rb5 c3 45. Rc8 cxb2 46. Rxb2 Nc3+ 47. Rxc3 1-0